 Dungeon Crawl Stone Soup version 0.29-a0-330-g52719c12eb (webtiles) character file.

Game seed: 686244924622561178

1166 Alarak the Cleaver (level 8, -3/64 HPs)
             Began as a Hill Orc Monk on Apr 21, 2022.
             Was an Elder of Nemelex Xobeh.
             Slain by an ogre
             ... wielding a +0 giant club
              (19 damage)
             ... on level 5 of the Dungeon.
             The game lasted 00:16:09 (7145 turns).

Alarak the Cleaver (Hill Orc Monk)                  Turns: 7145, Time: 00:16:10

Health: -3/64      AC: 13    Str: 22    XL:     8   Next: 40%
Magic:  11/11      EV:  6    Int: 10    God:    Nemelex Xobeh [****..]
Gold:   241        SH:  0    Dex: 13    Spells: 7/7 levels left

rFire   x . .      SeeInvis .   a - +0 hand axe
rCold   + . .      Faith    .   (no shield)
rNeg    . . .      Spirit   .   j - +0 plate armour
rPois   .          Reflect  .   r - +1 helmet
rElec   .          Harm     .   (no cloak)
rCorr   .          Rampage  .   i - +0 pair of gloves
Will    .....                   (no boots)
Stlth   ..........              g - amulet of the acrobat
HPRegen 0.20/turn               m - +6 ring of strength
MPRegen 0.12/turn               y - ring of ice

@: no status effects
A: no striking features
a: Renounce Religion, Draw Escape, Draw Destruction, Draw Summoning, Triple
Draw, Deal Four


You were on level 5 of the Dungeon.
You worshipped Nemelex Xobeh.
Nemelex Xobeh was greatly pleased with you.
You visited 1 branch of the dungeon, and saw 5 of its levels.
You also visited: Sewer.

You collected 241 gold pieces.

Inventory:

Hand Weapons
 a - a +0 hand axe (weapon)
 s - a +0 war axe
Armour
 i - a +0 pair of gloves (worn)
 j - a +0 plate armour (worn)
 r - a +1 helmet (worn)
Jewellery
 g - an amulet of the acrobat (around neck)
 m - a +6 ring of strength (left hand)
 n - an amulet of magic regeneration
 o - an amulet of faith
 q - a ring of protection from fire
 y - a ring of ice (right hand)
Wands
 B - a wand of mindburst (15)
Scrolls
 b - 2 scrolls of enchant armour
 d - a scroll of teleportation
 f - a scroll of magic mapping
Potions
 c - a potion of ambrosia
 e - a potion of attraction
 h - 4 potions of lignification
 k - 2 potions of curing {unknown}
 l - a potion of degeneration {unknown}
 p - 2 potions of magic {unknown}
 u - a potion of cancellation {unknown}
 v - a potion of experience {unknown}
 x - 2 potions of brilliance {unknown}
 z - a potion of might {unknown}
 A - a potion of haste {unknown}


   Skills:
 - Level 3.6 Fighting
 + Level 12.2 Axes
 - Level 2.4 Dodging
 - Level 1.5 Stealth
 * Level 4.8 Invocations


You had 7 spell levels left.
You didn't know any spells.
Your spell library was empty.

Dungeon Overview and Level Annotations

Branches:
Dungeon (5/15)             Temple (0/1) D:5           Sewer (visited)

Altars:
Nemelex Xobeh
Uskayaw

Annotations:
Abyss:1 Blork the orc


Message History

No target in view!
No target in view!
No target in view!
No target in view!
No target in view!
No target in view!
You see here a +0 shortbow.
You open the door.
Found a spear.
There is an open door here.
An ogre comes into view. It is wielding a +0 giant club.
An ogre is nearby!
An ogre is nearby!
The ogre shouts!
Found a staircase to the Ecumenical Temple.
You slash the ogre!
The ogre is moderately wounded.
The ogre hits you with a +0 giant club!
You hit the ogre.
The ogre is heavily wounded.
You hit the ogre.
The ogre is severely wounded.
The ogre hits you with a +0 giant club!
You are too injured to fight recklessly!
You are too injured to fight recklessly!
You are too injured to fight recklessly!
You hit the ogre but do no damage.
The ogre is severely wounded.
You hit the ogre but do no damage.
The ogre is severely wounded.
The ogre hits you with a +0 giant club!
* * * LOW HITPOINT WARNING * * *
You hear a distant slurping noise.
You barely miss the ogre.
The ogre is severely wounded.
You slash the ogre!
The ogre is almost dead.
The ogre hits you with a +0 giant club!!
You die...
Your body glows with a rainbow of weird colours and disappears.

........#.....#.......#.
........#.....#.......#.
.......)#.....#.......##
#......#.....#####.....
+......#.........+.....
#......'.........#.....
##......########........
..................######
.......@..........#
.......O..........#
..................#
##................#
#....8.8.8.......#
#....⌠.⌠.⌠.#######
#..........#
.......>.###


You could see an ogre.

Vanquished Creatures
  Edmund (D:5)
  A centaur (D:5)
  4 scorpions
  A gnoll sergeant (D:5)
  An orc priest (D:4)
  A hound (D:4)
  2 iguanas (D:4)
  13 adders
  4 river rats
  A dart slug (D:2)
  7 worms
  7 orcs
  11 ball pythons
  7 endoplasms
  4 giant cockroaches
  10 goblins
  6 hobgoblins
  6 jackals
  A quokka (D:3)
  3 bats
  2 frilled lizards
  21 kobolds
  32 rats
146 creatures vanquished.

Vanquished Creatures (collateral kills)
  A black bear (D:4)
  An ogre (D:4)
  An adder (D:3)
  A river rat (D:4)
  A worm (D:2)
  A ball python (D:4)
  A goblin (D:4)
  2 rats
9 creatures vanquished.

Grand Total: 155 creatures vanquished

Notes
Turn   | Place    | Note
-------+----------+-------------------------------------------
     0 | D:1      | Alarak the Hill Orc Monk began the quest for the Orb.
     0 | D:1      | Reached XP level 1. HP: 19/19 MP: 1/1
   201 | D:1      | Reached XP level 2. HP: 15/26 MP: 2/2
   430 | D:1      | Reached skill level 5 in Axes
   846 | D:1      | Reached XP level 3. HP: 27/31 MP: 3/3
   881 | D:1      | Found a faded altar of an unknown god.
  1198 | D:1      | Prayed at the altar of an unknown god.
  1198 | D:1      | Became a worshipper of Nemelex Xobeh the Trickster
  1198 | D:1      | Reached * piety under Nemelex Xobeh
  1198 | D:1      | Received a gift from Nemelex Xobeh
  1198 | D:1      | Reached ** piety under Nemelex Xobeh
  1656 | D:2      | Reached skill level 6 in Axes
  1896 | D:2      | Reached XP level 4. HP: 38/39 MP: 4/4
  1933 | D:2      | Reached *** piety under Nemelex Xobeh
  2560 | D:3      | Found a faded altar of an unknown god.
  2780 | D:3      | Reached skill level 7 in Axes
  3200 | D:3      | Received a gift from Nemelex Xobeh
  3645 | D:4      | Reached XP level 5. HP: 37/45 MP: 5/5
  3685 | D:4      | Reached skill level 1 in Invocations
  3886 | D:4      | HP: 2/45 [river rat (5)]
  3960 | D:4      | Reached skill level 8 in Axes
  3970 | D:4      | Reached XP level 6. HP: 9/51 MP: 7/7
  3993 | D:4      | Found a glowing drain.
  4200 | Sewer    | Entered a sewer
  4551 | Sewer    | Reached skill level 9 in Axes
  4997 | D:4      | Reached **** piety under Nemelex Xobeh
  5084 | D:4      | Noticed a black bear
  5100 | D:4      | Killed a black bear
  5101 | D:4      | Reached XP level 7. HP: 39/57 MP: 9/9
  5315 | D:4      | Reached skill level 10 in Axes
  5332 | D:4      | Noticed Blork the orc
  5380 | D:4      | Banished Blork the orc
  5975 | D:4      | Found a hide-covered altar of Uskayaw.
  6222 | D:4      | Identified the +1 leather armour of Dice, Bag, and Bottle
                  | {Harm Fly Will- Dex-2}
  6237 | D:4      | Reached skill level 11 in Axes
  6433 | D:4      | Reached XP level 8. HP: 64/64 MP: 11/11
  6513 | D:5      | Entered Level 5 of the Dungeon
  6663 | D:5      | Noticed Edmund
  6690 | D:5      | Killed Edmund
  6899 | D:5      | Reached skill level 12 in Axes
  7138 | D:5      | Found a staircase to the Ecumenical Temple.
  7145 | D:5      | Slain by an ogre

Illustrated notes

Levels and vault maps discovered:
D:1:      roderic_octagonal_star, layout_loops_ring,
          hellmonk_ecumenical_altar_dog_temple
D:2:      layout_basic
D:3:      layout_basic, nicolae_overflow_ecumenical_swirl
D:4:      layout_cave_pods, nicolae_uskayaw_murder_on_the_dancefloor,
          lightli_sewer_entry_pipes, minmay_pentangle, uniq_blork_the_orc
D:5:      minmay_evil_eye, layout_gridville,
          minmay_temple_entry_drinking_statues, lexackson_kobold_supper,
          uniq_edmund

Skill      XL: |  1  2  3  4  5  6  7  8 |
---------------+-------------------------+-----
Axes           | 5 6 7 8 9 11 12 | 12.2
Invocations    | 2 3 4 |  4.8
Fighting       | |  3.6
Dodging        | |  2.4
Stealth        | |  1.5

Action                   |  1- 3 |  4- 6 |  7- 9 || total
-------------------------+-------+-------+-------++-------
Melee: Hand axe          |   131 |   296 |   135 ||   562
       Punch             |     1 |     3 |     5 ||     9
Invok: Draw Summoning    |     1 |     3 |     1 ||     5
       Draw Destruction  |       |     3 |     1 ||     4
       Draw Escape       |       |       |     4 ||     4
  Use: Scroll            |     3 |       |     8 ||    11
       Potion            |       |     1 |     2 ||     3
 Stab: Sleeping          |     1 |       |       ||     1
Armor: Robe              |    13 |       |       ||    13
       Ring mail         |    33 |   109 |     5 ||   147
       Plate armour      |       |       |    49 ||    49
Dodge: Dodged            |    71 |   187 |    40 ||   298

Table legend: (Time is in decaauts)
 A = Elapsed time spent in this place.
 B = Non-inter-level travel time spent in this place.
 C = Inter-level travel time spent in this place.
 D = Time resting spent in this place.
 E = Time spent auto-exploring this place.
 F = Levels seen in this place.
 G = Mean time per level.
                   A        B        C        D        E       F      G
               +--------+--------+--------+--------+--------+-----+--------+
         Total |   7178 |   6822 |    356 |   1832 |   3609 |   6 | 1196.3 |
       Dungeon |   6520 |   6164 |    356 |   1829 |   3200 |   5 | 1304.0 |
         Sewer |    657 |    657 |      0 |      3 |    409 |   1 |  657.0 |
               +--------+--------+--------+--------+--------+-----+--------+

Top non-repeatable levels by time:
     D:4: 2492 daAuts
     D:1: 1363 daAuts
     D:2: 1158 daAuts
     D:3: 1056 daAuts
   Sewer: 657 daAuts
     D:5: 449 daAuts
